 Dungeon Crawl Stone Soup version 0.28-a0-390-gb254ac4902 (webtiles) character file.

Game seed: 12538091151478234898

186 Manisian the Insei (level 5, 0/33 HPs)
             Began as an Octopode Transmuter on Sept 3, 2021.
             Slain by a jackal (2 damage)
             ... on level 4 of the Dungeon.
             The game lasted 00:04:58 (4232 turns).

Manisian the Insei (Octopode Transmuter)            Turns: 4232, Time: 00:04:59

Health: 0/33       AC:  1    Str: 10    XL:     5   Next: 65%
Magic:  8/9        EV: 13    Int: 16    God:
Gold:   124        SH:  0    Dex: 12    Spells: 3/9 levels left

rFire   . . .      SeeInvis .     - Unarmed
rCold   . . .      Faith    .   (no shield)
rNeg    . . .      Spirit   .   (helmet restricted)
rPois   .          Reflect  .   (no amulet)
rElec   .          Harm     .   (no ring)
rCorr   .          Rampage  .   (no ring)
Will    .....                   (no ring)
Stlth   +++.......              (no ring)
HPRegen 0.11/turn               (no ring)
MPRegen 0.11/turn               (no ring)
                                (no ring)
                                (no ring)

@: no status effects
A: almost no armour, amphibious, 8 rings, camouflage 1, gelatinous body 1,
(nimble swimmer 1), tentacles
a: no special abilities


You were on level 4 of the Dungeon.
You visited 1 branch of the dungeon, and saw 4 of its levels.

You collected 124 gold pieces.

Inventory:

Jewellery
 d - a ring of willpower
Scrolls
 f - a scroll of fear
Potions
 a - 3 potions of ambrosia {unknown}
 b - a potion of degeneration {unknown}
 c - a potion of cancellation {unknown}
 e - 5 potions of curing {unknown}
 g - a potion of heal wounds {unknown}


   Skills:
 + Level 1.0 Fighting
 + Level 2.3 Dodging
 + Level 2.5 Stealth
 + Level 4.4 Unarmed Combat
 + Level 2.7 Spellcasting
 + Level 2.9 Transmutations
 + Level 1.3 Poison Magic


You had 3 spell levels left.
You knew the following spells:

 Your Spells              Type           Power      Damage    Failure   Level
a - Beastly Appendage     Tmut           22%        N/A       6%          1
b - Wereblood             Tmut           11%        N/A       9%          2
c - Spider Form           Tmut/Pois      4%         N/A       24%         3

Your spell library contained the following spells:

 Spells                   Type           Power      Damage    Failure   Level
 Animate Skeleton         Necr           4%         N/A       19%         1
 Apportation              Tloc           4%         N/A       19%         1
 Corona                   Hex            2%         N/A       19%         1
 Summon Small Mammal      Summ           8%         N/A       19%         1
 Ice Form                 Ice/Tmut       6%         N/A       71%         4


Dungeon Overview and Level Annotations

Branches:
Dungeon (4/15)
 Temple: D:4-7

Altars:
Okawaru
Uskayaw


Innate Abilities, Weirdness & Mutations

You cannot wear most types of armour.
You are amphibious.
You can wear up to eight rings at the same time.
Your skin changes colour to match your surroundings (Stealth+).
Your rubbery body absorbs attacks. (AC +1, EV +1)
((You are camouflaged near water. (Stealth+)))
You have tentacles for arms and can constrict up to eight enemies at once.


Message History

You hit the howler monkey skeleton but do no damage.
The orc hits you but does no damage.
You bite the howler monkey skeleton!
The howler monkey skeleton is heavily damaged.
The howler monkey skeleton completely misses you.
The orc barely misses you.
Unknown command.
You hit the howler monkey skeleton.
The howler monkey skeleton is severely damaged.
The howler monkey skeleton closely misses you.
The jackal barks!
You hit the howler monkey skeleton but do no damage.
The howler monkey skeleton is severely damaged.
Your transformation has ended.
The orc barely misses you.
The howler monkey skeleton closely misses you.
The jackal bites you.
You barely miss the orc. You grab the orc. You constrict the orc.
The orc hits you with a +0 hand axe. The howler monkey skeleton hits you.
The endoplasm misses you.
The jackal bites you but does no damage.
You tentacle-slap the orc but do no damage.
The orc is lightly wounded.
You constrict the orc. The orc misses you. The jackal bites you.
The howler monkey skeleton hits you. The endoplasm hits you.
You bludgeon the orc!
You kill the orc!
The jackal completely misses you.
A goblin comes into view. It is wielding a +0 dagger.
The howler monkey skeleton hits you.
* * * LOW HITPOINT WARNING * * *
The endoplasm hits you.
* * * LOW HITPOINT WARNING * * *
The jackal bites you.
* * * LOW HITPOINT WARNING * * *
The jackal bites you.
* * * LOW HITPOINT WARNING * * *
The jackal barely misses you. The jackal bites you.
You die...

......†.# #.......)..#
........## ####
##.........#
......#).###..##
##........## .....
##..#....## ##........#
##.. ##ZJ.....##
##.......# ##
##........## ##.......#
##....h.....###..##.....
#.....h......##.####....
#......@.....#..# #####
##.........>...##
###...........#
########..### ##.# #.#
#.# #.# #.


You could see an endoplasm, 2 jackals and a howler monkey skeleton.

Vanquished Creatures
  A scorpion (D:4)
  An orc wizard (D:3)
  2 adders (D:2)
  2 worms (D:2)
  A dart slug (D:2)
  9 orcs
  5 endoplasms
  3 giant cockroaches (D:1)
  5 goblins
  5 hobgoblins
  2 jackals (D:4)
  9 kobolds
  2 quokkas
  8 ball pythons
  A ball python skeleton (D:2)
  3 bats
  A frilled lizard (D:3)
  5 rats
65 creatures vanquished.

Notes
Turn   | Place    | Note
-------+----------+-------------------------------------------
     0 | D:1      | Manisian the Octopode Transmuter began the quest for the
                  | Orb.
     0 | D:1      | Reached XP level 1. HP: 13/13 MP: 3/3
   502 | D:1      | Reached XP level 2. HP: 16/18 MP: 5/5
   594 | D:1      | Found a faded altar of an unknown god.
   947 | D:1      | Reached skill level 1 in Stealth
  1233 | D:1      | Reached XP level 3. HP: 23/23 MP: 4/6
  1236 | D:1      | Learned a level 2 spell: Wereblood
  1240 | D:1      | Learned a level 3 spell: Spider Form
  1582 | D:2      | Found a hide-covered altar of Uskayaw.
  2214 | D:2      | Reached XP level 4. HP: 17/28 MP: 4/7
  3496 | D:3      | Reached skill level 4 in Unarmed Combat
  3821 | D:3      | Reached XP level 5. HP: 33/33 MP: 8/8
  4029 | D:4      | Reached skill level 1 in Poison Magic
  4088 | D:4      | Found an iron altar of Okawaru.
  4232 | D:4      | Slain by a jackal

Illustrated notes

Levels and vault maps discovered:
D:1:      lemuel_arrival_funnel, layout_basic, ebering_ecumenical_altar_box
D:2:      layout_rooms, basic_altar, kennysheep_generic_room_16
D:3:      layout_loops_cross, corexii_shack
D:4:      layout_cave_pods, okawaru_trees_2

Skill      XL: |  1  2  3  4  5 |
---------------+----------------+-----
Stealth        | 1 2 |  2.5
Unarmed Combat | 4 |  4.4
Poison Magic   | 1 |  1.3
Fighting       | |  1.0
Dodging        | |  2.3
Spellcasting   | |  2.7
Transmutations | |  2.9

Action                   |  1- 3 |  4- 6 || total
-------------------------+-------+-------++-------
Melee: Unarmed           |    77 |    78 ||   155
       Constrict         |    16 |     4 ||    20
       Kick              |    11 |     1 ||    12
       Tentacles         |     7 |     5 ||    12
       Punch             |     1 |       ||     1
 Cast: Beastly Appendage |    14 |     2 ||    16
       Spider Form       |     9 |    14 ||    23
  Use: Scroll            |     1 |       ||     1
 Stab: Sleeping          |     4 |     4 ||     8
Armor: Skin              |     2 |    11 ||    13
Dodge: Dodged            |    39 |    69 ||   108

Table legend: (Time is in decaauts)
 A = Elapsed time spent in this place.
 B = Non-inter-level travel time spent in this place.
 C = Inter-level travel time spent in this place.
 D = Time resting spent in this place.
 E = Time spent auto-exploring this place.
 F = Levels seen in this place.
 G = Mean time per level.
                   A        B        C        D        E       F      G
               +--------+--------+--------+--------+--------+-----+--------+
         Total |   4223 |   4151 |     72 |    193 |   3461 |   4 | 1055.8 |
       Dungeon |   4223 |   4151 |     72 |    193 |   3461 |   4 | 1055.8 |
               +--------+--------+--------+--------+--------+-----+--------+

Top non-repeatable levels by time:
     D:1: 1490 daAuts
     D:2: 1262 daAuts
     D:3: 1249 daAuts
     D:4: 221 daAuts
